 Dungeon Crawl Stone Soup version 0.22-a0-448-g1fb7470 (webtiles) character file.

1409 DrEnzyme the Sneak (level 8, -14/53 HPs)
             Began as an Octopode Wanderer on June 4, 2018.
             Shot with an arrow by a centaur (15 damage)
             ... on level 6 of the Dungeon.
             The game lasted 00:24:46 (7712 turns).

DrEnzyme the Sneak (Octopode Wanderer)              Turns: 7712, Time: 00:24:47

Health: -14/53     AC:  1    Str: 11    XL:     8   Next: 70%
Magic:  11/11      EV: 19    Int: 15    God:
Gold:   159        SH:  0    Dex: 18    Spells: 10/11 levels left

rFire    + . .     SeeInvis .   b - +0 hunting sling
rCold    + . .     Gourm    .   (no shield)
rNeg     . . .     Faith    .   (helmet restricted)
rPois    +         Spirit   .   (no amulet)
rElec    +         Reflect  .   (no ring)
rCorr    +         Harm     .   (no ring)
MR       .....                  (no ring)
Stlth    ++++++....             (no ring)
HPRegen  0.17/turn              (no ring)
MPRegen  0.12/turn              (no ring)
                                (no ring)
                                (no ring)

@: agile, resistant, very slightly contaminated, hasted, very quick
A: almost no armour, stealthy swim, amphibious, 8 rings, constrict 8, camouflage
1, gelatinous body 1
a: no special abilities


You were on level 6 of the Dungeon.
You were not hungry.

You visited 1 branch of the dungeon, and saw 6 of its levels.

You collected 159 gold pieces.

Inventory:

Hand Weapons
 a - a +3 dagger
 b - a +0 hunting sling (weapon)
 t - a +0 long sword of slicing
 w - a +1 hand axe of pain
Missiles
 l - 158 stones
 o - 38 sling bullets (quivered)
Scrolls
 e - a scroll of teleportation
 g - a scroll of fog {unknown}
 h - a scroll of enchant armour
 n - a scroll of blinking
 p - a scroll of remove curse
 r - a scroll of immolation {unknown}
 u - a scroll of identify
 v - a scroll of noise {unknown}
 y - a scroll of amnesia {unknown}
Potions
 c - a potion of might
 i - a potion of magic
 m - a potion of agility
 q - a potion of cancellation {unknown}
 s - a potion of berserk rage
Comestibles
 f - 10 rations


   Skills:
 - Level 3.6 Fighting
 * Level 4.7 Short Blades
 * Level 6.6 Slings
 - Level 0.1(4.0) Throwing
 + Level 2.0 Dodging
 + Level 6.9 Stealth
 - Level 2.1 Spellcasting
 + Level 0.7 Summonings
   Level 3.0 Transmutations
   Level 1.1 Evocations


You had 10 spell levels left.
You knew the following spells:

 Your Spells              Type           Power        Failure   Level  Hunger
a - Summon Butterflies    Summ           #.......     16%         1    #......

Your spell library contained the following spells:

 Spells                   Type           Power        Failure   Level  Hunger
 Recall                   Summ/Tloc      N/A          50%         3    ###....


Dungeon Overview and Level Annotations

Branches:
Dungeon (6/15)
 Temple: D:4-7

Altars:
Fedhas
Hepliaklqana
Nemelex Xobeh
Okawaru
Wu Jian

Shops:
D:5 !

Annotations:
D:3 exclusion: downstairs
D:6 exclusion: centaur, Edmund


Innate Abilities, Weirdness & Mutations

You cannot wear most types of armour.
You are very stealthy in the water. (Stealth+)
You are amphibious.
You can wear up to eight rings at the same time.
You can use your tentacles to constrict eight enemies at once.
Your skin changes colour to match your surroundings (Stealth+).
Your rubbery body absorbs attacks. (AC +1, EV +1)


Message History

You miscast Summon Butterflies.
Nothing appears to happen.
The centaur shoots an arrow.
The arrow closely misses you.
The centaur shoots an arrow.
The arrow hits you!
* * * LOW HITPOINT WARNING * * *
You see here an arrow.
Okay, then.
It was a potion of agility.
You feel agile all of a sudden.
The centaur shoots an arrow.
The arrow barely misses you.
It was a potion of magic.
Magic courses through your body.
It was a potion of haste.
You feel yourself speed up.
The centaur shoots an arrow.
The arrow completely misses you.
The centaur shoots an arrow.
The arrow hits you!
* * * LOW HITPOINT WARNING * * *
Okay, then.
It was a potion of resistance.
You feel protected.
The centaur shoots an arrow.
The arrow barely misses you.
You swap places.
The centaur shoots an arrow.
The arrow hits you!
You die...

#####....#....
.............
............ ...........#
........... ##..........
#......._...
##..@..b.....
#.bb.........
#(((.........
###....(b.b.... ##
##.............. .###
###........c......
...#####...##............
.....##..#####...........
......).## ###........(


You could see a centaur.

Vanquished Creatures
  Menkaure (D:5)
  A black bear (D:6)
  An orc warrior (D:6)
  A phantom (D:3)
  An ogre (D:4)
  A centaur (D:5)
  A bullfrog (D:6)
  A scorpion (D:6)
  A water moccasin skeleton (D:5)
  A howler monkey (D:6)
  3 orc priests
  A hound (D:6)
  3 orc wizards
  A centaur skeleton (D:3)
  A jelly (D:5)
  Jessica (D:2)
  3 iguanas
  3 worker ants
  A worker ant zombie (D:5)
  4 gnolls
  6 adders
  An ooze (D:5)
  An adder zombie (D:6)
  2 worms
  A dart slug (D:1)
  2 leopard geckos
  19 orcs
  4 ball pythons
  6 giant cockroaches
  6 goblins
  6 hobgoblins
  5 quokkas
  A ball python skeleton (D:4)
  6 bats
  3 frilled lizards
  10 kobolds
  4 rats
114 creatures vanquished.

Notes
Turn   | Place    | Note
-------+----------+-------------------------------------------
     0 | D:1      | DrEnzyme the Octopode Wanderer began the quest for the Orb.
     0 | D:1      | DrEnzyme set off with: a +2 dagger, a scroll of blinking, a potion of curing, a ration
     0 | D:1      | Reached XP level 1. HP: 14/14 MP: 3/3
     2 | D:1      | Learned a level 1 spell: Summon Butterflies
   369 | D:1      | Reached skill level 1 in Short Blades
   369 | D:1      | Reached XP level 2. HP: 19/19 MP: 5/5
   878 | D:2      | Reached XP level 3. HP: 25/25 MP: 6/6
  1203 | D:2      | Noticed Jessica
  1211 | D:2      | Killed Jessica
  1211 | D:2      | Reached XP level 4. HP: 30/30 MP: 7/7
  1621 | D:2      | Found a sparkling altar of Nemelex Xobeh.
  1936 | D:1      | Reached XP level 5. HP: 33/36 MP: 8/8
  2079 | D:3      | Reached skill level 1 in Dodging
  2347 | D:3      | Found a hazy altar of Hepliaklqana.
  2407 | D:3      | Found a blossoming altar of Fedhas.
  2463 | D:3      | Reached skill level 1 in Slings
  2463 | D:3      | Reached skill level 5 in Stealth
  2645 | D:3      | Noticed a phantom
  2661 | D:3      | Killed a phantom
  2661 | D:3      | Reached XP level 6. HP: 33/42 MP: 9/9
  3575 | D:4      | Found an ornate altar of the Wu Jian Council.
  4338 | D:4      | Reached XP level 7. HP: 46/46 MP: 10/10
  4684 | D:5      | Entered Level 5 of the Dungeon
  5311 | D:5      | Found Kaikutof's Distillery.
  5688 | D:5      | Noticed Menkaure
  5702 | D:5      | Killed Menkaure
  5702 | D:5      | Reached skill level 5 in Slings
  5966 | D:5      | Reached XP level 8. HP: 39/52 MP: 11/11
  6911 | D:6      | Noticed Edmund
  7693 | D:6      | Found an iron altar of Okawaru.
  7709 | D:6      | HP: 1/53 [centaur/arrow (12)]
  7712 | D:6      | Shot with an arrow by a centaur

Vault maps used:
D:1:      mrwooster_arrival_statue
D:2:      marbit_many_paths, first_ration, solitary_fountain,
          minmay_crystal_water, uniq_jessica
D:3:      fedhas_altar_2, lemuel_coloured_pillars_altar
D:4:      overflow_temple_1_default, kennysheep_generic_room_11
D:5:      serial_shops, shop_statue, kennysheep_doodads, uniq_menkaure
D:6:      basic_altar, serial_shops, kennysheep_mini, uniq_edmund

Skill      XL: |  1  2  3  4  5  6  7  8 |
---------------+-------------------------+-----
Short Blades   | 1 2 3 4 |  4.7
Stealth        | 4 5 6 |  6.9
Dodging        | 1 2 |  2.0
Slings         | 2 4 5 6 |  6.6
Fighting       | 3 |  3.6
Throwing       | |  0.1
Spellcasting   | |  2.1
Summonings     | |  0.7
Transmutations | |  3.0
Evocations     | |  1.1

Action                   |  1- 3 |  4- 6 |  7- 9 || total
-------------------------+-------+-------+-------++-------
Melee: Dagger            |    69 |    64 |    87 ||   220
       Constrict         |    22 |    12 |    20 ||    54
       Tentacles         |     7 |    10 |    15 ||    32
 Fire: Hunting sling     |       |    82 |    50 ||   132
Throw: Stone             |     8 |       |       ||     8
 Cast: Summon Butterflie |     2 |     4 |     1 ||     7
  Use: Scroll            |       |     2 |     4 ||     6
       Potion            |       |     1 |    11 ||    12
 Stab: Sleeping          |     5 |    10 |     9 ||    24
  Eat: Chunk             |     1 |    10 |    10 ||    21
Armor: Skin              |     9 |     4 |     6 ||    19
Dodge: Dodged            |    61 |    28 |    38 ||   127

Table legend:
 A = Spawn XP
 B = Non-spawn XP
 C = Spawn XP percentage of total XP
 D = Spawn monster count
 E = Non-spawn monster count
 F = Spawn count percentage of total count
 G = Total turns spent on level
                    A         B        C        D         E        F      G
               +---------+---------+-------+---------+---------+-------+---------
         Total |       0 |    2014 |   0.0 |       0 |     114 |   0.0 |  7712
               +---------+---------+-------+---------+---------+-------+---------
           D:1 |       0 |      47 |   0.0 |       0 |      19 |   0.0 |  1218
           D:2 |       0 |     119 |   0.0 |       0 |      27 |   0.0 |   778
           D:3 |       0 |     279 |   0.0 |       0 |      19 |   0.0 |  1411
           D:4 |       0 |     309 |   0.0 |       0 |      15 |   0.0 |  1516
           D:5 |       0 |     602 |   0.0 |       0 |      19 |   0.0 |  1596
           D:6 |       0 |     658 |   0.0 |       0 |      15 |   0.0 |  1193
               +---------+---------+-------+---------+---------+-------+---------
